 Dungeon Crawl Stone Soup version 0.18.1-47-g9310371 (webtiles) character file.

28 Gargoyl the Skirmisher (level 3, -1/43 HPs)
             Began as a Demonspawn Abyssal Knight on June 23, 2016.
             Was a Follower of Lugonu.
             Slain by a worm (5 damage)
             ... on level 1 of the Dungeon.
             The game lasted 00:03:13 (1397 turns).

Gargoyl the Skirmisher (Demonspawn Abyssal Knight)  Turns: 1397, Time: 00:03:14

Health: -1/43      AC: 21    Str: 13    XL:     3   Next: 0%
Magic:  5/5        EV:  2    Int: 13    God:    Lugonu [*.....]
Gold:   128        SH:  0    Dex: 12    Spells: 0 memorised, 2 levels left

rFire  . . .     SeeInvis .     a - +1 hand axe
rCold  . . .     Gourm    .     (armour currently unavailable)
rNeg   + + +     Faith    .     (no shield)
rPois  +         Spirit   .     (helmet currently unavailable)
rElec  .         Dismiss  .     (cloak currently unavailable)
rCorr  .         Reflect  .     (gloves currently unavailable)
SustAt .         Harm     .     (boots currently unavailable)
MR     .....     NoTele   +     e - amulet of rage
Stlth  ++........               (no ring)
                                (no ring)

@: tree-form, not resistant to hostile enchantments, unstealthy
A: nightstalker 1
a: Depart the Abyss, Renounce Religion, Evoke Berserk Rage


You were on level 1 of the Dungeon.
You worshipped Lugonu.
Lugonu was aware of your devotion.
You were not hungry.
You were a tree.
You visited 1 branch of the dungeon, and saw 2 of its levels.
You visited the Abyss 1 time.

You collected 128 gold pieces.

Inventory:

Hand Weapons
 a - a +1 hand axe (weapon)
Armour
 m - a +0 chain mail (melded)
Jewellery
 e - an amulet of rage (around neck)
Scrolls
 d - 2 scrolls of identify {unknown}
 g - a scroll of noise {unknown}
 h - a scroll of teleportation {unknown}
 k - a scroll of enchant weapon {unknown}
 l - a scroll of amnesia {unknown}
Potions
 i - a potion of cure mutation {unknown}
Comestibles
 c - 3 bread rations
 j - a meat ration


   Skills:
 + Level 3.5 Fighting
 + Level 1.9 Axes
 * Level 2.1 Armour
 + Level 1.0 Dodging
 + Level 2.9 Invocations


You had 2 spell levels left.
You didn't know any spells.

Dungeon Overview and Level Annotations

Branches:
Dungeon (2/15)

Altars:

Annotations:
D:2 Sigmund


Innate Abilities, Weirdness & Mutations

You are slightly more attuned to the shadows.


Message History

Your +0 chain mail melds into your body.
Your roots penetrate the ground.
The worm bites you but does no damage.
You hit the worm.
The worm is severely wounded.
You hit the worm.
The worm is severely wounded.
The worm bites you but does no damage.
You completely miss the worm.
The worm is severely wounded.
The worm bites you.
* * * LOW HITPOINT WARNING * * *
You barely miss the worm.
The worm is severely wounded.
The worm barely misses you.
You hit the worm.
The worm is almost dead.
You barely miss the worm.
The worm is almost dead.
The worm bites you.
You die...

####### ######.....#
#...##.#.#.# #.#.##.....#
#.#....#.#.#### ##########
#.#.#.........###.........
#.#.#....♣........########
#.#.####.w..#.#####.......
#.#.##.#.##.#.#####.#####[
#.#.##.#.##.#)#...........
#.#.##.#.##.#...#######.##
#.#†##...##...####≈≈≈≈♣≈♣≈
#.#..##.....#.####≈.P.....
#.##.##...†.+....#≈PPP...P
#.##.##.....####.#♣.P.....


You could see a worm.

Vanquished Creatures
  2 oozes (D:1)
  A giant gecko (D:1)
  An orc (D:1)
  3 giant cockroaches (D:1)
  A goblin (D:1)
  2 hobgoblins (D:1)
  2 jackals (D:1)
  A kobold (D:1)
  A giant newt (D:1)
  2 rats (D:1)
16 creatures vanquished.

Vanquished Creatures (others)
  5 demonic plants (Abyss:2)
  5 toadstools (D:1)
10 creatures vanquished.

Grand Total: 26 creatures vanquished

Notes
Turn   | Place    | Note
--------------------------------------------------------------
     0 | Abyss:1  | Gargoyl the Demonspawn Abyssal Knight began the quest for the Orb.
     0 | Abyss:1  | Reached XP level 1. HP: 18/18 MP: 2/2
   126 | Abyss:2  | Noticed a raiju
   128 | D:1      | Escaped the Abyss
   506 | D:1      | Reached * piety under Lugonu
   506 | D:1      | Gained mutation: You are slightly more attuned to the shadows. [demonic ancestry]
   506 | D:1      | Reached XP level 2. HP: 22/24 MP: 3/3
   964 | D:1      | HP: 1/24 [orc/flail (7)]
  1275 | D:1      | Reached skill level 1 in Dodging
  1298 | D:1      | Reached XP level 3. HP: 29/29 MP: 5/5
  1359 | D:2      | Noticed Sigmund
  1397 | D:1      | Slain by a worm

Skill      XL: |  1  2 |
---------------+-------+-----
Armour         | 2 |  2.1
Dodging        | 1 |  1.0
Fighting       | |  3.5
Axes           | |  1.9
Invocations    | |  2.9

Action                   || total
-------------------------++-------
Melee: Hand axe          ||    63
Invok: Depart the Abyss  ||     1
 Abil: Evoke Berserk Rag ||     1
  Use: Potion            ||     2
  Eat: Chunk             ||     2
Armor: Leather armour    ||     9
       Skin              ||     4
       Chain mail        ||     4
Dodge: Dodged            ||    35
